 Dungeon Crawl Stone Soup version 0.28-a0-1348-g050f3537b9 (webtiles) character file.

Game seed: 9802888259368965730

25 Cheeritup the Grave Robber (level 2, -2/19 HPs)
             Began as a Vampire Necromancer on Dec 30, 2021.
             Slain by Natasha (9 damage)
             ... on level 2 of the Dungeon.
             The game lasted 00:03:34 (1069 turns).

Cheeritup the Grave Robber (Vampire Necromancer)    Turns: 1069, Time: 00:03:35

Health: -2/19      AC:  3    Str:  7    XL:     2   Next: 82%
Magic:  0/5        EV: 12    Int: 17    God:
Gold:   66         SH:  0    Dex: 14    Spells: 3/5 levels left

rFire   . . .      SeeInvis +   f - staff of earth
rCold   . . .      Faith    .   (no shield)
rNeg    . . .      Spirit   .   c - +0 leather armour
rPois   .          Reflect  .   (no helmet)
rElec   .          Harm     .   (no cloak)
rCorr   .          Rampage  .   (no gloves)
Will    .....                   (no boots)
Stlth   ++........              (no amulet)
HPRegen 0.26/turn               (no ring)
MPRegen 0.09/turn               (no ring)

@: very slightly contaminated, healing quickly, slowed, very slow
A: alive, fangs 3, see invisible, vampiric 1
a: Exsanguinate


You were on level 2 of the Dungeon.
You visited 1 branch of the dungeon, and saw 2 of its levels.

You collected 66 gold pieces.

Inventory:

Armour
 a - a +0 robe
 c - a +0 leather armour (worn)
Magical Staves
 f - a staff of earth (weapon)
Scrolls
 b - a scroll of brand weapon {unknown}
 d - a scroll of vulnerability {unknown}
 e - a scroll of enchant armour {unknown}
 g - a scroll of magic mapping {unknown}
 i - 4 scrolls of holy word {unknown}
 j - a scroll of summoning {unknown}
Potions
 h - a potion of might {unknown}


   Skills:
 + Level 2.6 Dodging
 + Level 3.7 Stealth
 + Level 2.3 Spellcasting
 + Level 4.6 Necromancy


You had 3 spell levels left.
You knew the following spells:

 Your Spells              Type           Power      Damage    Failure   Level
a - Pain                  Necr           68%        1d7       4%          1
b - Animate Skeleton      Necr           34%        N/A       4%          1

Your spell library contained the following spells:

 Spells                   Type           Power      Damage    Failure   Level
 Vampiric Draining        Necr           17%        2d7       12%         3
 Animate Dead             Necr           8%         N/A       38%         4
 Agony                    Necr           17%        N/A       75%         5


Dungeon Overview and Level Annotations

Branches:
Dungeon (2/15)

Altars:

Shops:
D:2 !

Annotations:
D:2 Natasha


Innate Abilities, Weirdness & Mutations

Your natural rate of healing is accelerated.
You have razor-sharp teeth.
You have supernaturally acute eyesight. (SInv)
You are afflicted with vampirism.


Message History

A giant cockroach comes into view.
The giant cockroach writhes in agony.
You kill the giant cockroach!
You can't see any susceptible monsters within range! (Use Z to cast anyway.)
You can't see any susceptible monsters within range! (Use Z to cast anyway.)
j - a scroll labelled KORAYPNEENO A worm comes into view.
Natasha, Servant of Life and Death comes into view.
You can't see any susceptible monsters within range! (Use Z to cast anyway.)
You can't see any susceptible monsters within range! (Use Z to cast anyway.) Natasha struggles to resist.
Natasha growls.
Natasha writhes in agony.
Natasha stares at you and mumbles some strange words.
You feel yourself slow down.
Natasha struggles to resist.
Natasha mumbles some strange words.
You feel troubled. Natasha closely misses you. Natasha misses you.
Natasha struggles to resist.
Natasha completely misses you. Natasha misses you.
Natasha writhes in agony.
Natasha claws you. Natasha claws you!
Natasha stares at you and mumbles some strange words.
You feel as though you will be slow longer.
You are too injured to fight recklessly!
You are too injured to fight recklessly!
You are too injured to fight recklessly!
Aiming: Pain (safe; 4% risk of failure)
Press: ? - help, Q - select action, (/) - cycle Shift-Dir - straight line, f/p - Natasha
Aim: Natasha (heavily wounded, chance to affect: 75%)
You miscast Pain.
You are very lightly contaminated with residual magic.
Nothing appears to happen.
Natasha casts a spell at you.
You feel as though you will be slow longer.
Natasha closely misses you.
You hit Natasha but do no damage. Your bite misses Natasha.
Natasha is heavily wounded.
Natasha drinks a potion.
Natasha is healed!
Natasha claws you!
You die...

... #.#.# ############
..#.# #..........#
#.#.# #..........#
#.#.# #..........####
#.#.# #..............
##.#.######......##....
#......@h...........w..
#....##############...
#..### ... #.###..# ..#
.. #......# #.# .
######.# #.# #.# #.#
#.# #.# #.# #.#


You could see Natasha.

Vanquished Creatures
  A dart slug (D:1)
  3 giant cockroaches
  A goblin (D:1)
  A hobgoblin (D:1)
  4 jackals (D:1)
  2 quokkas
  2 bats (D:1)
  A frilled lizard (D:1)
  3 kobolds (D:1)
  4 rats
22 creatures vanquished.

Vanquished Creatures (others)
  A plant (D:2)
1 creature vanquished.

Grand Total: 23 creatures vanquished

Notes
Turn   | Place    | Note
-------+----------+-------------------------------------------
     0 | D:1      | Cheeritup the Vampire Necromancer began the quest for the
                  | Orb.
     0 | D:1      | Reached XP level 1. HP: 13/13 MP: 3/3
    24 | D:1      | Learned a level 1 spell: Animate Skeleton
   259 | D:1      | Reached XP level 2. HP: 17/19 MP: 1/5
   855 | D:2      | Found Nuupop's Distillery.
   913 | D:2      | Found a faded altar of an unknown god.
  1051 | D:2      | Noticed Natasha
  1069 | D:2      | Slain by Natasha

Illustrated notes

Levels and vault maps discovered:
D:1:      dpeg_arrival_stonehenge_8_columns, layout_rooms
D:2:      layout_basic, serial_shops, nicolae_shop_advertising_works
          [nicolae_subvault_shop_adworks], shapermc_ecumenical_altar_gd,
          kennysheep_flooded_box, uniq_natasha

Action                   || total
-------------------------++-------
Melee: Unarmed           ||    28
       Bite              ||     4
       Staff             ||     3
 Cast: Pain              ||    38
       Animate Skeleton  ||     3
Armor: Leather armour    ||    11
Dodge: Dodged            ||    26

Table legend: (Time is in decaauts)
 A = Elapsed time spent in this place.
 B = Non-inter-level travel time spent in this place.
 C = Inter-level travel time spent in this place.
 D = Time resting spent in this place.
 E = Time spent auto-exploring this place.
 F = Levels seen in this place.
 G = Mean time per level.
                   A        B        C        D        E       F      G
               +--------+--------+--------+--------+--------+-----+--------+
         Total |   1073 |   1040 |     33 |     41 |    658 |   2 |  536.5 |
       Dungeon |   1073 |   1040 |     33 |     41 |    658 |   2 |  536.5 |
               +--------+--------+--------+--------+--------+-----+--------+

Top non-repeatable levels by time:
     D:1: 798 daAuts
     D:2: 274 daAuts
